 Dungeon Crawl Stone Soup version 0.17-a0-1093-g0b3cd89 (webtiles) character file.

12511 Lugonue the Thaumaturge (level 11, -9/84 HPs)
             Began as a Demigod Transmuter on May 20, 2015.
             Mangled by a crocodile (16 damage)
             ... on level 1 of the Lair of Beasts.
             The game lasted 01:15:01 (10716 turns).

Lugonue the Thaumaturge (Demigod Transmuter)       Turns: 10716, Time: 01:15:01

Health: -9/84      AC:  2    Str: 15    XL:     11   Next: 37%
Magic:  31/37      EV: 28    Int: 19    God:
Gold:   623        SH:  0    Dex: 23    Spells: 6 memorised, 9 levels left

rFire  . . .     SeeInvis .       - Unarmed
rCold  . . .     Clarity  .     (armour currently unavailable)
rNeg   . . .     SustAb   +     (shield currently unavailable)
rPois  x         Gourm    .     (helmet currently unavailable)
rElec  .         Spirit   .     (cloak currently unavailable)
rCorr  .         Warding  .     (gloves currently unavailable)
rMut   .         Stasis   .     (boots currently unavailable)
MR     +....                    m - amulet of regeneration
Stlth  ++........               E - ring of sustain abilities
                                l - ring of magical power

@: spider-form, very slightly contaminated, somewhat resistant to hostile
enchantments, unstealthy
A: high mp 1, sustain abilities
a: End Transformation


You were on level 1 of the Lair of Beasts.
You were not hungry.
You were a venomous arachnid creature.
You visited 2 branches of the dungeon, and saw 11 of its levels.
You also visited: Ice Cave.

You collected 623 gold pieces.

Inventory:

Hand weapons
 a - the +6 war axe "Ehyvumank" (melded) {freeze, Int+4}
   (You found it on level 4 of the Dungeon)

   It has been specially enchanted to freeze those struck by it, causing extra
   injury to most foes and up to half again as much damage against particularly
   susceptible opponents.
   It can also slow down cold-blooded creatures.
   It affects your intelligence (+4).
 Q - a +1 demon whip of freezing
Missiles
 b - 126 arrows
 C - 6 exploding tomahawks (quivered)
 L - 12 arrows of dispersal
Armour
 v - a +1 cloak of invisibility (melded)
 z - the +1 helmet "Hinuphash" (melded) {rN+ Dex+3}
   (You found it on level 5 of the Dungeon)

   It affects your dexterity (+3).
   It protects you from negative energy.
 A - a +1 ice dragon armour
 K - a +2 pair of gloves
 O - a +2 leather armour of fire resistance (melded)
 R - a +2 buckler of cold resistance (melded)
 T - a +0 pair of gloves of cold resistance (melded)
Magical staves
 G - an uncursed staff of fire
Jewellery
 l - a ring of magical power (left front leg)
 m - an amulet of regeneration (around neck)
 q - an uncursed ring of flight
 r - an uncursed amulet of rage
 y - an uncursed ring of fire
 E - a ring of sustain abilities (right front leg)
 N - an uncursed amulet of stasis
Magical devices
 h - a wand of polymorph (9)
 t - a wand of slowing (21)
 I - a wand of slowing (18)
 J - a wand of slowing (25)
 M - a wand of teleportation (0)
 W - a wand of random effects (33)
Scrolls
 g - a scroll of silence {unknown}
 o - 7 scrolls of magic mapping
 w - 4 scrolls of enchant weapon
 D - 2 scrolls of teleportation
 F - a scroll of immolation
 H - 6 scrolls of remove curse
 P - a scroll of amnesia
Potions
 e - a potion of flight
 j - a potion of berserk rage {unknown}
 k - 2 potions of lignification
 n - a potion of magic
 x - a potion of mutation
Books
 c - a book of Changes

   Spells                             Type                      Level
   a - Beastly Appendage              Transmutation                1
   b - Sticks to Snakes               Transmutation                2
   c - Spider Form                    Transmutation/Poison         3
   d - Ice Form                       Ice/Transmutation            4
   e - Blade Hands                    Transmutation                5
 f - a book of Ice

   Spells                             Type                      Level
   a - Ice Form                       Ice/Transmutation            4
   b - Metabolic Englaciation         Hexes/Ice                    5
   c - Ozocubu's Refrigeration        Ice                          6
   d - Bolt of Cold                   Conjuration/Ice              6
   e - Freezing Cloud                 Conjuration/Ice/Air          6
   f - Simulacrum                     Ice/Necromancy               6
 p - a book of Necromancy

   Spells                             Type                      Level
   a - Pain                           Necromancy                   1
   b - Animate Skeleton               Necromancy                   1
   c - Vampiric Draining              Necromancy                   3
   d - Regeneration                   Charms/Necromancy            3
   e - Animate Dead                   Necromancy                   4
   f - Control Undead                 Necromancy                   4
 B - a book of the Dragon

   Spells                             Type                      Level
   a - Flame Tongue                   Conjuration/Fire             1
   b - Cause Fear                     Hexes                        4
   c - Bolt of Fire                   Conjuration/Fire             6
   d - Dragon Form                    Transmutation                7
   e - Dragon's Call                  Summoning                    9
 U - a book of Power

   Spells                             Type                      Level
   a - Fulminant Prism                Conjuration/Hexes            4
   b - Iskenderun's Mystic Blast      Conjuration                  4
   c - Venom Bolt                     Conjuration/Poison           5
   d - Bolt of Magma                  Conjuration/Fire/Earth       5
   e - Iron Shot                      Conjuration/Earth            6
   f - Orb of Destruction             Conjuration                  7
   g - Spellforged Servitor           Conjuration/Summoning        7
 V - a book of Envenomations

   Spells                             Type                      Level
   a - Spider Form                    Transmutation/Poison         3
   b - Alistair's Intoxication        Transmutation/Poison         4
   c - Olgreb's Toxic Radiance        Poison                       4
   d - Poisonous Cloud                Conjuration/Poison/Air       6
Miscellaneous
 u - a lantern of shadows
Comestibles
 d - 11 bread rations
 i - 5 chunks of flesh
 s - 2 meat rations
 S - 2 beef jerkies


   Skills:
 - Level 4.1 Fighting
 - Level 6.1 Axes
 - Level 6.3 Armour
 - Level 6.6 Dodging
 - Level 2.4 Shields
 + Level 4.4 Unarmed Combat
 + Level 8.9 Spellcasting
 - Level 7.1 Transmutations


You had 9 spell levels left.
You knew the following spells:

 Your Spells              Type           Power        Failure   Level  Hunger
a - Beastly Appendage     Trmt           #####.       3%          1    None
b - Sticks to Snakes      Trmt           #####.....   4%          2    None
c - Spider Form           Trmt/Pois      ###.......   21%         3    None
d - Alistair's Intoxicat  Trmt/Pois      ###.....     41%         4    ###....
e - Blade Hands           Trmt           #####.....   32%         5    #####..
f - Vampiric Draining     Necr           #.........   50%         3    None


Dungeon Overview and Level Annotations

Branches:
Dungeon (10/15)            Temple (0/1) D:4            Lair (1/8) D:9
    Orc (0/4) D:10

Annotations:
D:4 HEYYEYAAE's ghost, experienced OpFi
D:5 1 runed door


Innate Abilities, Weirdness & Mutations

You have an increased reservoir of magic (+10% MP).
Your attributes are resistant to harm.


Message History

Unknown command.
Casting: Vampiric Draining
Confirm with . or Enter, or press ? or * to list all spells.
Okay, then.
Casting: Vampiric Draining
Confirm with . or Enter, or press ? or * to list all spells.
You turn into a venomous arachnid creature.
The +6 war axe "Ehyvumank" {freeze, Int+4} melds into your body.
Your +1 cloak of invisibility melds into your body.
The +1 helmet "Hinuphash" {rN+ Dex+3} melds into your body.
Your +0 pair of gloves of cold resistance melds into your body.
Your +2 buckler of cold resistance melds into your body.
Your +2 leather armour of fire resistance melds into your body.
The +6 war axe "Ehyvumank" {freeze, Int+4} stops glowing.
You feel less resistant to cold. x2
You feel less resistant to fire. The crocodile closely misses you.
You hit the crocodile.
The crocodile is poisoned.
The crocodile is almost dead.
The crocodile bites you!
You die...

....*
**,,.................####
....#* **,,,P#...............#
###..***,,,**##..............#
* *#..,,,,** ##............##
**...,,** ##............#
*,,,,,,* #P.##.#####.##**
**,,,,,** #..#### ##..,*
*,,***,** ##t## *..,** **,**
**,* #s## *..*,, ,,** *,* ###
*##**, ,** *** ** ,* **


You could see a crocodile.

Vanquished Creatures
  2 ice devils (IceCv)
  2 ice statues (IceCv)
  Pikel (D:8)
  A black mamba (Lair:1)
  A spiny frog (Lair:1)
  7 blue devils (IceCv)
  A troll (D:9)
  2 two-headed ogres
  A spriggan (D:7)
  7 yaks (D:10)
  3 hippogriffs
  A water moccasin (D:9)
  An ice beast (IceCv)
  3 ogres
  7 orc warriors
  5 phantoms
  A porcupine (Lair:1)
  A swamp drake (D:10)
  3 sky beasts
  3 crocodiles
  3 slaves (D:8)
  6 centaurs
  A necrophage (D:10)
  6 giant frogs
  3 scorpions
  4 killer bees (D:9)
  8 hounds
  2 centaur skeletons
  3 jellies
  3 quasits
  8 crimson imps
  2 giant frog zombies
  21 orc wizards
  3 iguanas
  9 orc priests
  A giant frog skeleton (D:9)
  8 worker ants
  A killer bee zombie (D:9)
  3 hound zombies
  2 gnolls (D:6)
  9 adders
  7 river rats (Lair:1)
  2 shadow imps
  6 white imps (IceCv)
  10 ufetubi (IceCv)
  An ooze (D:3)
  2 adder skeletons
  2 adder zombies (D:7)
  7 giant geckos
  48 orcs
  A ball python (D:1)
  8 bats
  A bat skeleton (D:6)
  3 giant cockroaches
  18 goblins
  16 hobgoblins
  4 quokkas
  A giant gecko skeleton (D:6)
  2 giant newts (D:1)
  4 jackals
  17 kobolds
  14 rats
333 creatures vanquished.

Vanquished Creatures (collateral kills)
  An ice beast (D:8)
  An orc warrior (D:9)
  2 electric eels (D:9)
  An orc priest (D:9)
  2 hounds (D:9)
  An orc wizard (D:3)
  A gnoll (D:6)
  2 adders
  A giant gecko (D:6)
  6 orcs
  A giant cockroach (D:3)
  3 jackals (D:4)
  A bat (D:2)
  A giant newt (D:3)
  2 rats
26 creatures vanquished.

Vanquished Creatures (others)
  A slave (D:8)
  A hound (D:9)
  An ufetubus (IceCv)
  A jackal (D:9)
4 creatures vanquished.

Grand Total: 363 creatures vanquished

Notes
Turn   | Place    | Note
--------------------------------------------------------------
     0 | D:1      | Lugonue the Demigod Transmuter began the quest for the Orb.
     0 | D:1      | Reached XP level 1. HP: 15/15 MP: 5/5
   230 | D:1      | Reached skill level 3 in Unarmed Combat
   313 | D:1      | Reached XP level 2. HP: 17/22 MP: 5/7
  1087 | D:1      | Learned a level 2 spell: Sticks to Snakes
  1614 | D:2      | Reached XP level 3. HP: 17/27 MP: 8/8
  1803 | D:2      | Found an iron altar of Okawaru.
  2040 | D:2      | Found a white marble altar of Elyvilon.
  2342 | D:3      | Reached XP level 4. HP: 23/34 MP: 9/9
  2572 | D:3      | Learned a level 3 spell: Spider Form
  2635 | D:3      | Found a burning altar of Makhleb.
  2876 | D:3      | Reached XP level 5. HP: 39/39 MP: 10/10
  2912 | D:3      | Noticed a moth of wrath
  2915 | D:3      | Found a bloodstained altar of Trog.
  3193 | D:4      | Noticed HEYYEYAAE's ghost (experienced OpFi)
  3353 | D:4      | Reached skill level 4 in Dodging
  3500 | D:4      | Got a twisted war axe
  3501 | D:4      | Identified the +6 war axe "Ehyvumank" {freeze, Int+4} (You found it on level 4 of the Dungeon)
  3609 | D:4      | Found an iron altar of Okawaru.
  3889 | D:4      | Found a staircase to the Ecumenical Temple.
  3951 | D:4      | Reached XP level 6. HP: 46/46 MP: 11/11
  4011 | D:4      | Reached skill level 1 in Axes
  4059 | D:5      | Entered Level 5 of the Dungeon
  4074 | D:5      | Got a translucent helmet
  4080 | D:5      | Identified the +1 helmet "Hinuphash" {rN+ Dex+3} (You found it on level 5 of the Dungeon)
  4350 | D:5      | Found a glowing golden altar of the Shining One.
  4350 | D:5      | Found a runed door.
  4350 | D:5      | Noticed an angel
  4576 | D:5      | Reached skill level 1 in Armour
  4706 | D:6      | Reached XP level 7. HP: 31/51 MP: 12/12
  4926 | D:6      | Reached skill level 5 in Axes
  5001 | D:6      | Reached XP level 8. HP: 47/58 MP: 13/13
  5230 | D:6      | Reached skill level 6 in Axes
  5407 | D:7      | Found a sparkling altar of Nemelex Xobeh.
  5479 | D:7      | Reached skill level 1 in Fighting
  5594 | D:7      | Reached skill level 5 in Armour
  5624 | D:7      | Noticed a two-headed ogre
  5631 | D:7      | Killed a two-headed ogre
  5631 | D:7      | Reached skill level 5 in Dodging
  5868 | D:7      | Reached XP level 9. HP: 67/67 MP: 14/14
  6457 | D:8      | Reached skill level 5 in Transmutations
  6848 | D:8      | Noticed Pikel
  6869 | D:8      | Killed Pikel
  7783 | D:9      | Reached XP level 10. HP: 73/78 MP: 17/17
  7872 | D:9      | Found a radiant altar of Vehumet.
  7922 | D:9      | Found a shimmering altar of Xom.
  7923 | D:9      | Found a shimmering altar of Xom.
  7985 | D:9      | Found a staircase to the Lair.
  8347 | D:10     | Entered Level 10 of the Dungeon
  8381 | D:10     | Reached skill level 5 in Spellcasting
  8410 | D:10     | HP: 3/78 [something/puff of flame (5)]
  8544 | D:10     | Noticed a hill giant
  8718 | D:10     | Found a staircase to the Orcish Mines.
  8918 | D:10     | Learned a level 4 spell: Alistair's Intoxication
  9187 | D:10     | Reached skill level 7 in Spellcasting
  9277 | Lair:1   | Entered Level 1 of the Lair of Beasts
  9376 | Lair:1   | Found a frozen archway.
  9384 | IceCv    | Entered an ice cave
  9423 | IceCv    | Learned a level 5 spell: Blade Hands
  9433 | IceCv    | Noticed an ice statue
  9433 | IceCv    | Noticed an ice statue
  9447 | IceCv    | Killed an ice statue
  9518 | IceCv    | Killed an ice statue
  9673 | IceCv    | Reached skill level 8 in Spellcasting
  9673 | IceCv    | Reached XP level 11. HP: 21/84 MP: 27/27
  9674 | IceCv    | HP: 2/84 [blue devil (4)]
  9926 | IceCv    | Noticed an ice devil
 10063 | IceCv    | Reached skill level 1 in Shields
 10108 | IceCv    | Noticed an ice devil
 10121 | IceCv    | Killed an ice devil
 10168 | IceCv    | Learned a level 3 spell: Vampiric Draining
 10335 | IceCv    | Killed an ice devil
 10406 | Lair:1   | Noticed a six-headed hydra
 10709 | Lair:1   | HP: 3/84 [crocodile (8)]
 10716 | Lair:1   | Mangled by a crocodile

Vault maps used:
D:1:      dpeg_arrival_sounds_slurp
D:2:      lemuel_round_altar, okawaru_ov_weapons_minmay
D:3:      tgw_trog, lightli_temple_of_fire, feat_on_display
D:4:      minmay_door_path, kennysheep_little_box, minmay_temple_entry_fiery,
          first_bread
D:5:      corexii_shack_village, lemuel_angel_altar
D:6:      minmay_flawed_box
D:7:      old_standard_altar, minmay_fountain_box, the_bakery
D:8:      uniq_pikel
D:9:      xom_shifter_show, fiery_altar_vehumet, erik_lair_island
D:10:     erik_orc_1
Lair:1:   beast_lair_carwin_large_1, portal_ice_cave_entry_pillars_01
IceCv:    ice_cave_small_demon

Action                   |  1- 3 |  4- 6 |  7- 9 | 10-12 || total
-------------------------+-------+-------+-------+-------++-------
Melee: Unarmed           |   114 |    66 |       |    30 ||   210
       Staff             |    33 |    98 |       |       ||   131
       War axe           |       |    96 |   307 |   340 ||   743
Throw: Tomahawk          |       |       |       |     1 ||     1
 Cast: Beastly Appendage |    28 |    19 |    34 |    15 ||    96
       Sticks to Snakes  |    13 |    18 |    57 |    14 ||   102
       Spider Form       |       |     2 |       |     1 ||     3
       Blade Hands       |       |       |       |     3 ||     3
 Abil: Evoke Berserk Rag |       |       |     1 |     9 ||    10
       End Transformatio |       |       |     1 |     2 ||     3
Evoke: Wand              |       |       |     1 |     8 ||     9
  Use: Potion            |     1 |     2 |     2 |    10 ||    15
       Scroll            |     4 |     2 |     8 |    14 ||    28
 Stab: Sleeping          |     1 |     1 |       |     2 ||     4
       Distracted        |     1 |     1 |       |       ||     2
       Confused          |       |       |       |     1 ||     1
       Invisible         |       |       |       |     5 ||     5
  Eat: Chunk             |     5 |    11 |     6 |    10 ||    32
       Royal jelly       |     1 |       |       |       ||     1
       Pizza             |       |       |     3 |     2 ||     5
       Beef jerky        |       |       |     2 |       ||     2
       Meat ration       |       |       |     1 |       ||     1
       Fruit             |       |       |       |     9 ||     9
